 Dungeon Crawl Stone Soup version 0.30.1-9-gdf580d7c3d (webtiles) character file.

Game seed: 7925789823096275591

70 MrBonesIII the Stinger (level 4, 0/33 HPs)
             Began as a Draconian Venom Mage on Oct 5, 2023.
             Slain by an orc
             ... wielding a +0 hand axe
              (5 damage)
             ... on level 4 of the Dungeon.
             The game lasted 00:20:57 (1792 turns).

MrBonesIII the Stinger (Draconian Venom Mage)       Turns: 1792, Time: 00:21:01

Health: 0/33       AC:  7    Str: 10    XL:     4   Next: 4%
Magic:  7/8        EV: 12    Int: 17    God:
Gold:   143        SH:  0    Dex: 12    Spells: 5/8 levels left

rFire   . . .        s - +1 short sword (venom)
rCold   . . .        (no shield)
rNeg    . . .        (body armour unavailable)
rPois   .            (helmet restricted)
rElec   .            (no cloak)
rCorr   .            g - +1 pair of gloves
SInv    .            (no boots)
Will    .....        (no amulet)
Stlth   ++           q - ring of wizardry
HPRegen 0.25/turn    (no ring)
MPRegen 0.11/turn

%: wizardry (x1)
@: studying Fighting
A: AC +5, unfitting armour, cold-blooded
a: no special abilities


You were on level 4 of the Dungeon.
You visited 1 branch of the dungeon, and saw 4 of its levels.

You collected 143 gold pieces.

Inventory:

Hand Weapons
 b - a +0 short sword
 i - a +0 dagger
 r - a +0 dagger of venom
 s - a +1 short sword of venom (weapon)
Armour
 g - a +1 pair of gloves (worn)
 h - a +0 robe
 l - a +0 robe
Jewellery
 q - a ring of wizardry (left hand)
Scrolls
 e - a scroll of poison {unknown}
 f - a scroll of summoning {unknown}
 j - 3 scrolls of teleportation {unknown}
Potions
 a - a potion of magic
 k - a potion of might
 m - a potion of heal wounds {unknown}
 n - a potion of berserk rage {unknown}
 o - a potion of curing
 t - a potion of brilliance {unknown}


   Skills:
 + Level 1.0 Short Blades
 + Level 2.2 Dodging
 - Level 1.8 Stealth
 * Level 2.7 Spellcasting
 + Level 1.8 Transmutations
 + Level 0.5 Air Magic
 + Level 3.3 Poison Magic


You had 5 spell levels left.
You knew the following spells:

 Your Spells              Type           Power      Damage    Failure   Level
a - Sting                 Tmut/Pois      44%        1d5       2%          1
b - Poisonous Vapours     Pois/Air       16%        N/A       4%          2

Your spell library contained the following spells:

 Spells                   Type           Power      Damage    Failure   Level
 Mephitic Cloud           Conj/Pois/Air  6%         N/A       13%         3
 Olgreb's Toxic Radiance  Pois           13%        N/A       17%         4


Dungeon Overview and Level Annotations

Branches:
Dungeon (4/15)             Temple (0/1) D:4

Altars:

Shops:
D:1 ?

Annotations:
D:3 2 transporters, ShellytheWitch's ghost, amateur KoBr


Innate Abilities, Weirdness & Mutations

Your plain brown scales are hard. (AC +5)
You cannot fit into any form of body armour.
You are cold-blooded and may be slowed by cold attacks.


Message History

You closely miss the orc.
The orc is heavily wounded.
An orc comes into view. It is wielding a +0 morningstar.
The orc hits you but does no damage.
You hit the orc.
Your tail-slap misses the orc.
The orc is almost dead.
The orc priest calls upon Beogh to heal the orc.
The orc's wounds heal themselves!
The orc hits you but does no damage.
The orc priest attacks as you move away!
The orc priest hits you but does no damage.
The orc barely misses you. x2
You barely miss the orc.
The orc looks more healthy.
The orc priest barely misses you. The orc hits you but does no damage.
The orc hits you with a +0 hand axe.
You barely miss the orc.
The orc priest hits you with a +0 dagger.
The orc hits you but does no damage. The orc hits you with a +0 hand axe.
As you read the scroll labelled ONYMPO KYINT, it crumbles to dust.
It is a scroll of identify.
c - a scroll of fog The orc hits you with a +0 hand axe. x2
The orc priest mumbles some strange prayers to Beogh against you.
Pain shoots through your body!
* * * LOW HITPOINT WARNING * * *
As you read the scroll of fog, it crumbles to dust.
The scroll dissolves into smoke.
The orc hits you but does no damage. The orc misses you.
The orc priest hits you but does no damage.
The orc priest attacks as you move away!
The orc priest hits you but does no damage.
The orc priest casts a cantrip, but nothing happens.
The orc hits you but does no damage.
You feel better. The orc hits you but does no damage. The orc misses you.
As you read the scroll labelled BAFYID ANOKIL, it crumbles to dust.
You feel aware of your surroundings.
You sensed 1 altar, and 1 shop/portal.
It was a scroll of magic mapping.
The orc priest closely misses you. The orc hits you but does no damage.
The orc hits you with a +0 morningstar!
* * * LOW HITPOINT WARNING * * *
The orc hits you with a +0 hand axe.
You die...

,,,,,.....####.# *,,*,,* *****,
**,,,,.........# **,,*,**** *,
**,,,,,..).....######*,,,,,,* *,
*******#o.#*#.§§§§..#***,,,,****,
* #..#_#§o§§§..# ***,,,,,*, *
#..#'#§§§§§..# **,,*,*, *
#.....§§§§.### **,,,,,
*******###....§ooo# ****,,
,,,,,,,,##...#§§@o# *,,
,,,,,,,,+.........# **>
,,,,,,,,##...#....# **
,,,,,,,,*#........#
,,,,,,,,*#.)...####
*********#.....# #.....# #.....#
#.....#


You could see an orc priest and 3 orcs.

Vanquished Creatures
  An adder (D:3)
  A worm (D:3)
  4 dart slugs
  3 ball pythons
  4 endoplasms
  7 goblins
  3 hobgoblins
  2 jackals (D:3)
  6 quokkas
  5 bats
  6 frilled lizards
  3 kobolds
  2 rats
47 creatures vanquished.

Notes
Turn   | Place    | Note
-------+----------+-------------------------------------------
     0 | D:1      | MrBonesIII the Draconian Venom Mage began the quest for the
                  | Orb.
     0 | D:1      | Reached XP level 1. HP: 14/14 MP: 3/3
   142 | D:1      | Reached XP level 2. HP: 18/20 MP: 1/5
   163 | D:1      | Learned a level 2 spell: Poisonous Vapours
   318 | D:1      | Found Eghema's Magic Scroll Shop.
   651 | D:2      | Reached XP level 3. HP: 21/26 MP: 6/6
  1134 | D:3      | Reached skill level 1 in Short Blades
  1191 | D:3      | Found a transporter.
  1194 | D:3      | Noticed ShellytheWitch's ghost (amateur KoBr)
  1203 | D:3      | Found a transporter.
  1203 | D:3      | Noticed a phantom
  1507 | D:3      | Reached XP level 4. HP: 27/33 MP: 5/8
  1792 | D:4      | Slain by an orc

Illustrated notes

Levels and vault maps discovered:
D:1:      eino_arrival_cavern_d, layout_rooms, serial_shops,
          nicolae_shop_rolled_up
D:2:      layout_rooms
D:3:      layout_basic, gammafunk_ghost_mausoleum
D:4:      layout_basic, kennysheep_mini_moat, minmay_temple_entry_crystal_x,
          enter_ossuary_4, chequers_serial_rivers_small_b

Skill      XL: |  1  2  3 |
---------------+----------+-----
Dodging        | 2 |  2.2
Short Blades   | 1 |  1.0
Stealth        | |  1.8
Spellcasting   | |  2.7
Transmutations | |  1.8
Air Magic      | |  0.5
Poison Magic   | |  3.3

Action                     |  1- 3 |  4- 6 || total
---------------------------+-------+-------++-------
  Melee: Short sword       |   128 |    11 ||   139
         Unarmed           |     5 |       ||     5
         Punch             |     1 |       ||     1
         Tailslap          |    16 |       ||    16
         Dagger            |    10 |       ||    10
   Cast: Sting             |    10 |       ||    10
         Poisonous Vapours |     6 |     2 ||     8
    Use: Potion            |     2 |     1 ||     3
         Scroll            |       |     3 ||     3
   Stab: Sleeping          |     3 |       ||     3
 Armour: Skin              |    48 |    14 ||    62
  Dodge: Dodged            |    83 |     8 ||    91
